 Dungeon Crawl Stone Soup version 0.29-a0-925-g0a7a3d12f8 (webtiles) character file.

Game seed: 12531643640395413344

1605 zeratav the Tainter (level 8, -6/48 HPs)
             Began as an Octopode Venom Mage on July 30, 2022.
             Was an Initiate of Gozag.
             Killed from afar by a white imp (13 damage)
             ... with a puff of frost
             ... on level 6 of the Dungeon.
             The game lasted 00:12:15 (8163 turns).

zeratav the Tainter (Octopode Venom Mage)           Turns: 8163, Time: 00:12:15

Health: -6/48      AC:  1    Str:  7    XL:     8   Next: 94%
Magic:  4/11       EV: 13    Int: 19    God:    Gozag
Gold:   589        SH:  0    Dex: 13    Spells: 1/11 levels left

rFire   + . .      SeeInvis .   (no weapon)
rCold   . . .      Faith    .   (no shield)
rNeg    . . .      Spirit   .   (helmet restricted)
rPois   +          Reflect  .   (no amulet)
rElec   .          Harm     .   d - ring of poison resistance
rCorr   .          Rampage  .   c - ring of protection from fire
Will    .....                   (no ring)
Stlth   ++++......              (no ring)
HPRegen 0.16/turn               (no ring)
MPRegen 0.12/turn               (no ring)
                                (no ring)
                                (no ring)

@: gold aura
A: almost no armour, amphibious, 8 rings, camouflage 1, gelatinous body 1,
(nimble swimmer 1), tentacles
a: Renounce Religion, Potion Petition, Call Merchant, Bribe Branch


You were on level 6 of the Dungeon.
You worshipped Gozag.
Gozag was pleased with you.
You visited 1 branch of the dungeon, and saw 6 of its levels.

You collected 755 gold pieces.
You spent 140 gold pieces at shops.
You paid 26 gold pieces to Gozag.


Innate Abilities, Weirdness & Mutations

You cannot wear most types of armour.
You are amphibious.
You can wear up to eight rings at the same time.
Your skin changes colour to match your surroundings (Stealth+).
Your rubbery body absorbs attacks. (AC +1, EV +1)
((You are camouflaged when in or above water. (Stealth+)))
You have tentacles for arms and can constrict up to eight enemies at once.


   Skills:
 + Level 1.6 Fighting
 + Level 2.7 Dodging
 - Level 5.0 Stealth
 - Level 2.0 Spellcasting
 - Level 5.0 Transmutations
 - Level 4.0 Fire Magic
 - Level 10.0 Poison Magic


You had one spell level left.
You knew the following spells:

 Your Spells              Type           Power      Damage    Failure   Level
a - Sting                 Tmut/Pois      100%       1d8       1%          1
b - Poisonous Vapours     Pois/Air       40%        N/A       3%          2
c - Olgreb's Toxic Radia  Pois           39%        N/A       2%          4
d - Ignite Poison         Fire/Tmut/Pois 25%        N/A       3%          3

Your spell library contained the following spells:

 Spells                   Type           Power      Damage    Failure   Level
 Necrotise                Necr           4%         1d4       17%         1
 Sandblast                Erth           2%         2d4       17%         1
 Passwall                 Tmut/Erth      9%         N/A       9%          2
 Mephitic Cloud           Conj/Pois/Air  14%        N/A       13%         3
 Blink                    Tloc           2%         N/A       26%         2
 Lesser Beckoning         Tloc           1%         N/A       45%         3
 Stone Arrow              Conj/Erth      2%         3d7       45%         3
 Vampiric Draining        Necr           1%         2d6       45%         3
 Summon Lightning Spire   Summ/Air       1%         N/A       86%         4
 Agony                    Necr           1%         N/A       99%         5
 Freezing Cloud           Conj/Ice/Air   0%         6-21      99%         5
 Manifold Assault         Tloc           1%         N/A       99%         5
 Haunt                    Necr/Summ      0%         N/A       100%        7
 Summon Hydra             Summ           0%         N/A       100%        7

Inventory:

Hand Weapons
 g - a +3 dagger of protection {short}
   (You took it off a goblin on level 2 of the Dungeon)
 n - a +2 vampiric dagger {short}
   (You took it off an orc wizard on level 6 of the Dungeon)
Jewellery
 c - a ring of protection from fire (right tentacle)
   (You found it on level 3 of the Dungeon)
 d - a ring of poison resistance (left tentacle)
   (You found it on level 1 of the Dungeon)
Wands
 o - a wand of digging (7)
   (You found it on level 6 of the Dungeon)
Scrolls
 f - a scroll of blinking {!r}
 j - 3 scrolls of teleportation {@r4}
 l - 2 scrolls of fear
 m - a scroll of butterflies
 p - a scroll of amnesia
 q - a scroll of brand weapon {unknown}
Potions
 a - 4 potions of magic
 b - 2 potions of brilliance
 e - a potion of lignification {!q}
 h - a potion of curing {@q1}
 i - 2 potions of mutation {unknown}

Dungeon Overview and Level Annotations

Branches:
Dungeon (6/15) Zot: 25895  Temple (0/1) D:4

Altars:
Gozag
Nemelex Xobeh
Qazlal
Wu Jian
Xom
The Shining One

Shops:
D:3 ?*[[

Annotations:
D:2 Crazy Yiuf, Robin
D:4 Sigmund
D:5 exclusion: necrophage

#[..###..........[.... #
#)#####.........
##..(###..####.........
##.....##....##.........
#.......#.)).##.........
#.....S.#.)...##.....#
#...5.o.##....# #>.#
#.lS..# #....# #...#
###@.# ####5########5#
#........S....#
#........5....#
#.............#
#.########'#### #.
##...## # ##.....##
#.......#


You could see a white imp.


Message History

You hit the phantom but do no damage.
The phantom hits you but does no damage.
You barely miss the phantom. The phantom hits you.
* * * LOW HITPOINT WARNING * * *
HP[-4]
You take 4 damage, and now have 32/72 hp.
You barely miss the phantom. The phantom completely misses you.
You hit the phantom but do no damage.
Your transformation is almost over.
The phantom hits you but does no damage.
HP[+1]
You hit the phantom but do no damage.
The phantom hits you but does no damage.
You closely miss the phantom.
The phantom hits you but does no damage.
You barely miss the phantom. The phantom hits you.
* * * LOW HITPOINT WARNING * * *
HP[-1]
You take 1 damage, and now have 32/72 hp.
You completely miss the phantom.
The phantom hits you but does no damage.
You hit the phantom.
The phantom hits you but does no damage.
HP[+1]
You hit the phantom.
The phantom hits you but does no damage.
You hit the phantom.
The phantom hits you but does no damage.
You hit the phantom.
You destroy the phantom!
Unknown command.
Casting: Olgreb's Toxic Radiance (dangerous; 2% risk of failure)
Confirm with . or Enter, or press ? or * to list all spells.
Aiming: Sting (safe; 1% risk of failure)
Press: ? - help, Shift-Dir - straight line, f - white imp
Aim: a white imp (78% to hit)
The sting misses the white imp.
The white imp gestures at you.
The puff of frost hits you but does no damage.
MP[-1]
You lost 1 mp, and now have 10/11 mp.
Casting: Sting (safe; 1% risk of failure)
Confirm with . or Enter, or press ? or * to list all spells.
Aiming: Sting (safe; 1% risk of failure)
Press: ? - help, Shift-Dir - straight line, f/p - white imp
Aim: a white imp (78% to hit)
The sting hits the white imp.
The white imp partially resists.
The white imp is poisoned.
You feel less wooden.
HP[-11] MP[-1]
You now have 48 max hp (-24).
You lost 1 mp, and now have 9/11 mp.
Casting: Sting (safe; 1% risk of failure)
Confirm with . or Enter, or press ? or * to list all spells.
Aiming: Sting (safe; 1% risk of failure)
Press: ? - help, Shift-Dir - straight line, f/p - white imp
Aim: a white imp (moderately wounded, poisoned, 78% to hit)
The sting hits the white imp.
The white imp partially resists.
The white imp looks even sicker.
The white imp gestures at you. The puff of frost hits you!
* * * LOW HITPOINT WARNING * * *
HP[-12] MP[-1]
You take 12 damage, and now have 10/48 hp.
MASSIVE DAMAGE!! (PAUSE)
You lost 1 mp, and now have 8/11 mp.
Casting: Sting (safe; 1% risk of failure)
Confirm with . or Enter, or press ? or * to list all spells.
You ignite the poison in your surroundings!
The white imp seems to burn from within!!!
You kill the white imp!
HP[+1] MP[-3]
You lost 3 mp, and now have 5/11 mp.
The white imp gestures at you. The puff of frost hits you!
* * * LOW HITPOINT WARNING * * *
HP[-10]
You take 10 damage, and now have 1/48 hp.
MASSIVE DAMAGE!! (PAUSE)
You feel better.
HP[+6]
You regained 6 hp, and now have 7/48 hp.
Casting: Ignite Poison (dangerous; 3% risk of failure)
Confirm with . or Enter, or press ? or * to list all spells.
Aiming: Sting (safe; 1% risk of failure)
Press: ? - help, Shift-Dir - straight line, f - white imp
Aim: a white imp (78% to hit)
The sting hits the white imp.
The white imp partially resists.
The white imp closely misses you.
MP[-1]
You lost 1 mp, and now have 4/11 mp.
Casting: Sting (safe; 1% risk of failure)
Confirm with . or Enter, or press ? or * to list all spells.
Aiming: Sting (safe; 1% risk of failure)
Press: ? - help, Shift-Dir - straight line, f/p - white imp
Aim: a white imp (heavily wounded, 78% to hit)
The sting hits the white imp.
The white imp partially resists.
The white imp gestures at you. The puff of frost hits you!
You die...
Your body crumbles into a pile of gold.

Skill      XL: |  1  2  3  4  5  6  7  8 |
---------------+-------------------------+-----
Stealth        | 3 4 5 |  5.0
Poison Magic   | 4 6 7 8 10 | 10.0
Fire Magic     | 1 4 |  4.0
Transmutations | 2 5 |  5.0
Fighting       | 1 |  1.6
Dodging        | |  2.7
Spellcasting   | |  2.0

Action                   |  1- 3 |  4- 6 |  7- 9 || total
-------------------------+-------+-------+-------++-------
Melee: Unarmed           |    18 |       |    43 ||    61
       Tentacles         |    16 |    13 |    14 ||    43
       Constrict         |    19 |    17 |    12 ||    48
       Punch             |     1 |       |       ||     1
       Club              |    19 |       |       ||    19
       Dagger            |    12 |    57 |    52 ||   121
       Whip              |    11 |       |       ||    11
 Cast: Sting             |    34 |    18 |    16 ||    68
       Poisonous Vapours |       |    28 |    30 ||    58
       Olgreb's Toxic Ra |       |     2 |     9 ||    11
       Ignite Poison     |       |       |     2 ||     2
  Use: Scroll            |       |     4 |     6 ||    10
       Potion            |       |       |     2 ||     2
 Stab: Sleeping          |     5 |     5 |     1 ||    11
       Distracted        |       |     1 |       ||     1
Armor: Skin              |    16 |    27 |    43 ||    86
Dodge: Dodged            |    73 |    68 |    38 ||   179

Levels and vault maps discovered:
D:1:      roderic_dead_forest, layout_basic, minmay_door_square,
          minmay_split_cup_large
D:2:      layout_basic, uniq_crazy_yiuf_cottage, uniq_robin
D:3:      layout_basic, nicolae_qazlal_general_emergency,
          mainiacjoe_overflow_alcove_2, ebering_ecumenical_altar_abandoned,
          serial_shops, shop, nicolae_shop_behind_doors,
          nicolae_shop_competitors_out_of_business, shop, minmay_misc_feat_tower
D:4:      layout_cave_pools, nemelex_spade_bored_becter,
          mainiacjoe_overflow_two_lobes, minmay_temple_entry_poolview,
          uniq_sigmund
D:5:      layout_cave_pools, nzn_wu_jian_council_hall, grunt_ministairs_13,
          kennysheep_path_1, kennysheep_diamond
D:6:      minmay_opposing_rooms, layout_cave_pools

Notes
Turn   | Place    | Note
-------+----------+-------------------------------------------
     0 | D:1      | zeratav the Octopode Venom Mage began the quest for the
                  | Orb.
     0 | D:1      | Reached XP level 1. HP: 11/11 MP: 3/3
     0 | D:1      | magus.rc [v1.9.6]
    76 | D:1      | Reached skill level 3 in Stealth
    86 | D:1      | Reached skill level 4 in Poison Magic
    86 | D:1      | Reached XP level 2. HP: 7/17 MP: 1/5
   930 | D:1      | HP: 4/17 [kobold/+0 whip (1)]
   931 | D:1      | Reached XP level 3. HP: 5/21 MP: 4/6
  1167 | D:1      | Reached skill level 4 in Stealth
  1678 | D:2      | HP: 5/21 [hobgoblin[Robin] (1)]
  2283 | D:2      | Found a runed translucent door.
  2284 | D:2      | Noticed Crazy Yiuf
  2433 | D:2      | Reached XP level 4. HP: 8/27 MP: 1/7
  2829 | D:2      | Reached skill level 5 in Poison Magic
  2986 | D:2      | You add the spells Ignite Poison and Freezing Cloud to your
                  | library.
  3049 | D:2      | Reached skill level 5 in Stealth
  3213 | D:2      | Learned a level 2 spell: Poisonous Vapours
  3243 | D:2      | Noticed Robin
  3350 | D:3      | Found a stormy altar of Qazlal.
  3431 | D:3      | Found Mabug's Assorted Antiques.
  3479 | D:3      | Found Duavier's Armour Shoppe.
  3639 | D:3      | Found Noemasoa's Antique Armour Shop.
  3659 | D:3      | Found a faded altar of an unknown god.
  3672 | D:3      | Found Tiycvij's Magic Scroll Emporium.
  3708 | D:3      | You pick up a book of Necromancy and begin reading...
  3708 | D:3      | You add the spells Necrotise, Vampiric Draining and Agony
                  | to your library.
  3787 | D:3      | Found an opulent altar of Gozag.
  3793 | D:3      | Became a worshipper of Gozag Ym Sagoz the Greedy
  3945 | D:3      | You pick up a book of Geomancy and begin reading...
  3945 | D:3      | You add the spells Sandblast, Passwall and Stone Arrow to
                  | your library.
  3995 | D:3      | You add the spells Summon Lightning Spire, Haunt and Summon
                  | Hydra to your library.
  3995 | D:3      | Got Afif's Compilation of Amassed Poison
  4083 | D:3      | Learned a level 4 spell: Olgreb's Toxic Radiance
  4213 | D:4      | HP: 6/27 [acid (8)]
  4215 | D:4      | Reached skill level 6 in Poison Magic
  4215 | D:4      | Reached XP level 5. HP: 7/31 MP: 1/8
  4704 | D:4      | Noticed Sigmund
  4730 | D:4      | You pick up a book of Spatial Translocations and begin
                  | reading...
  4730 | D:4      | You add the spells Blink, Lesser Beckoning and Manifold
                  | Assault to your library.
  4802 | D:4      | Reached skill level 7 in Poison Magic
  4802 | D:4      | Reached XP level 6. HP: 33/36 MP: 0/9
  4912 | D:4      | Noticed a black bear
  5020 | D:4      | Killed a black bear
  5021 | D:4      | Reached skill level 8 in Poison Magic
  5128 | D:4      | Found a sparkling altar of Nemelex Xobeh.
  5331 | D:4      | Reached XP level 7. HP: 41/41 MP: 0/10
  5558 | D:4      | Found a glowing golden altar of the Shining One.
  5586 | D:4      | Found a shimmering altar of Xom.
  5645 | D:4      | Found a staircase to the Ecumenical Temple.
  5821 | D:5      | Entered Level 5 of the Dungeon
  5926 | D:3      | Bought a scroll of identify for 20 gold pieces
  5926 | D:3      | Bought a scroll of identify for 20 gold pieces
  5926 | D:3      | Bought a scroll of identify for 20 gold pieces
  5926 | D:3      | Bought a scroll of fear for 40 gold pieces
  5926 | D:3      | Bought a scroll of fear for 40 gold pieces
  5993 | D:5      | Reached skill level 9 in Poison Magic
  6543 | D:5      | Found an ornate altar of the Wu Jian Council.
  6666 | D:5      | Reached skill level 10 in Poison Magic
  6666 | D:5      | Reached skill level 1 in Fire Magic
  7073 | D:6      | Reached skill level 2 in Transmutations
  7073 | D:6      | Reached XP level 8. HP: 28/46 MP: 1/11
  7309 | D:6      | HP: 9/46 [orc warrior/+0 mace (15)]
  7311 | D:6      | Reached skill level 2 in Fire Magic
  7559 | D:6      | Learned a level 3 spell: Ignite Poison
  7705 | D:6      | Reached skill level 3 in Transmutations
  7705 | D:6      | Reached skill level 3 in Fire Magic
  7878 | D:6      | Reached skill level 4 in Transmutations
  8006 | D:6      | Reached skill level 4 in Fire Magic
  8125 | D:6      | Reached skill level 5 in Transmutations
  8125 | D:6      | Reached skill level 1 in Fighting
  8157 | D:6      | HP: 10/48 [white imp/puff of frost (12)]
  8160 | D:6      | HP: 1/48 [white imp/puff of frost (10)]
  8163 | D:6      | Killed from afar by a white imp

Vanquished Creatures
  A water moccasin (D:6)
  A black bear (D:4)
  2 orc warriors (D:6)
  3 ogres
  A phantom (D:6)
  3 scorpions (D:4)
  2 necrophages (D:6)
  3 hounds (D:5)
  A jelly (D:4)
  5 orc priests
  2 iguanas (D:6)
  2 orc wizards (D:6)
  4 gnolls (D:4)
  6 adders
  A white imp (D:6)
  2 ufetubi (D:5)
  3 dart slugs
  21 orcs
  3 ball pythons
  6 endoplasms
  9 giant cockroaches
  10 goblins
  14 hobgoblins
  12 jackals
  2 kobolds
  5 quokkas
  3 bats
  4 frilled lizards
  5 rats
136 creatures vanquished.

Table legend:
 A = Non-vault XP
 B = Vault XP
 C = Vault XP percentage of total XP
 D = Non-vault monster count
 E = Vault monster count
 F = Vault count percentage of total count
                 A         B        C        D         E       F
            +---------+---------+-------+---------+---------+-------
      Total |    1668 |     626 |  27.3 |     107 |      29 |  21.3
            +---------+---------+-------+---------+---------+-------
        D:1 |      36 |       7 |  16.3 |      21 |       4 |  16.0
        D:2 |      71 |      12 |  14.5 |      20 |       6 |  23.1
        D:3 |      34 |       0 |   0.0 |      17 |       0 |   0.0
        D:4 |     494 |       0 |   0.0 |      17 |       0 |   0.0
        D:5 |     350 |     122 |  25.8 |      12 |      11 |  47.8
        D:6 |     683 |     485 |  41.5 |      20 |       8 |  28.6
            +---------+---------+-------+---------+---------+-------

Illustrated notes

Table legend:
 A = Kills in this place as a percentage of kills in entire the game.
 B = Kills by you in this place as a percentage of kills by you in the entire game.
 C = Kills by friends in this place as a percentage of kills by friends in the entire game.
 D = Other kills in this place as a percentage of other kills in the entire game.
 E = Experience gained in this place as a percentage of experience gained in the entire game.
 F = Experience gained in this place divided by the number of levels of this place that you have seen.
                   A       B       C       D       E      F
               +-------+-------+-------+-------+-------+----------------------
         Total | 100.0 | 100.0 |   N/A |   N/A | 100.0 | 382.3
       Dungeon | 100.0 | 100.0 |   N/A |   N/A | 100.0 | 382.3
               +-------+-------+-------+-------+-------+----------------------

Table legend: (Time is in decaauts)
 A = Elapsed time spent in this place.
 B = Non-inter-level travel time spent in this place.
 C = Inter-level travel time spent in this place.
 D = Time resting spent in this place.
 E = Time spent auto-exploring this place.
 F = Levels seen in this place.
 G = Mean time per level.
                   A        B        C        D        E       F      G
               +--------+--------+--------+--------+--------+-----+--------+
         Total |   8171 |   7913 |    258 |   1997 |   4749 |   6 | 1361.8 |
       Dungeon |   8171 |   7913 |    258 |   1997 |   4749 |   6 | 1361.8 |
               +--------+--------+--------+--------+--------+-----+--------+

Top non-repeatable levels by time:
     D:1: 1743 daAuts
     D:4: 1628 daAuts
     D:2: 1558 daAuts
     D:5: 1152 daAuts
     D:6: 1104 daAuts
     D:3: 985 daAuts
